 Seeded DCSS version 0.29.1-15-g9cfb28693d (webtiles) character file.

Game seed: 5461343046259217733 (custom seed)

34 Mickster the Trooper (level 3, -15/34 HPs)
             Began as a Minotaur Abyssal Knight on Mar 11, 2023.
             Was a Believer of Lugonu.
             Demolished by a gnoll
             ... wielding a +0 halberd
              (17 damage)
             ... on level 2 of the Dungeon.
             The game lasted 00:03:53 (593 turns).

Mickster the Trooper (Minotaur Abyssal Knight)       Turns: 593, Time: 00:03:54

Health: -15/34     AC:  3    Str: 19    XL:     3   Next: 14%
Magic:  3/3        EV: 11    Int:  7    God:    Lugonu [**....]
Gold:   13         SH:  0    Dex: 10    Spells: 2/2 levels left

rFire   . . .      SeeInvis .   a - +1 hand axe
rCold   . . .      Faith    .   (no shield)
rNeg    . . .      Spirit   .   b - +0 leather armour
rPois   .          Reflect  .   (helmet restricted)
rElec   .          Harm     .   (no cloak)
rCorr   .          Rampage  .   (no gloves)
Will    +....                   (no boots)
Stlth   +.........              (no amulet)
HPRegen 0.11/turn               f - ring of willpower
MPRegen 0.08/turn               (no ring)

@: no status effects
A: horns 2, retaliatory headbutt
a: Renounce Religion, Depart the Abyss, Bend Space


You were on level 2 of the Dungeon.
You worshipped Lugonu.
Lugonu was pleased with you.
You visited 1 branch of the dungeon, and saw 2 of its levels.
You visited the Abyss 1 time.

You collected 13 gold pieces.

Inventory:

Hand Weapons
 a - a +1 hand axe (weapon)
 c - a +0 spear
 e - a +0 sling
Missiles
 d - 5 stones
Armour
 b - a +0 leather armour (worn)
Jewellery
 f - a ring of willpower (left hand)


   Skills:
 + Level 4.4 Fighting
 * Level 3.2 Axes
 + Level 2.6 Armour
 + Level 1.4 Dodging
 + Level 1.8 Invocations


You had 2 spell levels left.
You didn't know any spells.
Your spell library was empty.

Dungeon Overview and Level Annotations

Branches:
Dungeon (2/15)

Altars:


Innate Abilities, Weirdness & Mutations

You have a pair of horns on your head.
You reflexively headbutt those who attack you in melee.


Message History

You barely miss the hobgoblin. The hobgoblin hits you.
You closely miss the hobgoblin. The hobgoblin hits you.
You hit the hobgoblin. You headbutt the hobgoblin.
You kill the hobgoblin!
Lugonu accepts your kill.
Your Fighting skill increases to level 4!
You have reached level 2!
Jessica the Apprentice Sorceress comes into view.
She is wielding a +0 club.
Jessica shouts!
Jessica points at you and mumbles some strange words.
Pain shoots through your body!
* * * LOW HITPOINT WARNING * * *
A gnoll comes into view. It is wielding a +0 halberd.
The gnoll shouts!
You hit Jessica.
Jessica is moderately wounded.
Jessica gestures at you while chanting. You resist with significant effort.
You slash Jessica!
You kill Jessica!
Lugonu accepts your kill.
A gnoll comes into view. It is wielding a +0 flail.
Your Axes skill increases to level 3!
You have reached level 3!
Your experience leads to an increase in your attributes!
Increase (S)trength, (I)ntelligence, or (D)exterity?
You feel stronger. x2
The gnoll shouts!
The gnoll barely misses you.
A gnoll comes into view. It is wielding a +0 spear.
Things that are here:
a +0 club; a +0 robe; an amethyst potion The gnoll shouts!
You hear a shout!
The gnoll barely misses you.
A ball python comes into view.
You hit the gnoll.
The gnoll is moderately wounded.
The gnoll hits you with a +0 halberd!
Ouch! That really hurt!
You die...

... ... ... #+#.# .#.##
...#
#################..#
S.g..gg@)........<.#+#.#
#############..........#
................#
######..........#
#...........#
#.########### #. #. #.


You could see 3 gnolls and a ball python.

Vanquished Creatures
  Jessica (D:2)
  2 endoplasms (D:1)
  A goblin (D:1)
  2 hobgoblins
  A ball python (D:1)
  A rat (D:1)
8 creatures vanquished.

Notes
Turn   | Place    | Note
-------+----------+-------------------------------------------
     0 | Abyss:1  | Mickster the Minotaur Abyssal Knight began the quest for
                  | the Orb.
     0 | Abyss:1  | Reached XP level 1. HP: 19/19 MP: 1/1
     5 | D:1      | Escaped the Abyss
   581 | D:2      | Reached skill level 4 in Fighting
   581 | D:2      | Reached XP level 2. HP: 10/27 MP: 2/2
   585 | D:2      | Noticed Jessica
   586 | D:2      | HP: 1/27 [Jessica/nerve-wracking pain (10)]
   590 | D:2      | Killed Jessica
   591 | D:2      | Reached XP level 3. HP: 1/34 MP: 3/3
   593 | D:2      | Demolished by a gnoll

Illustrated notes

Levels and vault maps discovered:
D:1:      minmay_arrival_jagged, layout_loops_corners,
          chequers_ecumenical_altar_lobes, minmay_tetromino_i2
D:2:      layout_basic, minmay_misc_feat_ornament, uniq_robin, uniq_jessica,
          uniq_terence

Skill      XL: |  1  2 |
---------------+-------+-----
Fighting       | 4 |  4.4
Axes           | 3 |  3.2
Armour         | |  2.6
Dodging        | |  1.4
Invocations    | |  1.8

Action                   || total
-------------------------++-------
Melee: Hand axe          ||    15
       Headbutt          ||     2
  Use: Scroll            ||     1
Armor: Leather armour    ||     2
Dodge: Dodged            ||     6
